 Dungeon Crawl Stone Soup version 0.26-a0-712-ga5a9c9c9d0 (webtiles) character file.

Game seed: 1159901072634760561

41 kae the Insei (level 3, -1/20 HPs)
             Began as a Tengu Transmuter on Nov 13, 2020.
             Slain by a goblin
             ... wielding a +0 dagger
              (3 damage)
             ... on level 2 of the Dungeon.
             The game lasted 00:01:09 (1622 turns).

kae the Insei (Tengu Transmuter)                    Turns: 1622, Time: 00:01:09

Health: -1/20      AC:  3    Str: 11    XL:     3   Next: 52%
Magic:  3/7        EV: 12    Int: 13    God:
Gold:   120        SH:  0    Dex: 14    Spells: 2/6 levels left

rFire    . . .     SeeInvis .     - Unarmed
rCold    . . .     Faith    .   (no shield)
rNeg     . . .     Spirit   .   a - +0 robe
rPois    .         Reflect  .   (helmet currently unavailable)
rElec    .         Harm     .   (no cloak)
rCorr    .         Rampage  .   g - +0 pair of gloves
MR       .....                  (boots unavailable)
Stlth    +.........             (no amulet)
HPRegen  0.06/turn              (no ring)
MPRegen  0.10/turn              (no ring)

@: lethally poisoned (-1 -> -8), appendages, very slightly contaminated
A: beak, horns 2, talons 3
a: End Transformation


You were on level 2 of the Dungeon.
You had grown temporary horns.
You visited 1 branch of the dungeon, and saw 2 of its levels.

You collected 120 gold pieces.

Inventory:

Armour
 a - a +0 robe (worn)
 g - a +0 pair of gloves (worn)
Wands
 b - a wand of polymorph (10)
Scrolls
 e - a scroll of noise {unknown}
 f - a scroll of amnesia {unknown}
 j - a scroll of enchant weapon {unknown}
Potions
 c - 2 potions of lignification
 d - a potion of curing
 h - a potion of degeneration {unknown}
 i - 2 potions of haste
 k - a potion of heal wounds {unknown}


   Skills:
 - Level 1.0 Fighting
 - Level 2.1 Dodging
 + Level 3.8 Unarmed Combat
 - Level 2.0 Spellcasting
 * Level 2.7 Transmutations


You had 2 spell levels left.
You knew the following spells:

 Your Spells              Type           Power        Failure   Level
a - Beastly Appendage     Tmut           #.....       9%          1
b - Spider Form           Tmut/Pois      #.........   41%         3

Your spell library contained the following spells:

 Spells                   Type           Power        Failure   Level
 Wereblood                Tmut           #.......     13%         2
 Ice Form                 Ice/Tmut       #.......     82%         4
 Blade Hands              Tmut           #.........   93%         5


Dungeon Overview and Level Annotations

Branches:
Dungeon (2/15)

Altars:


Innate Abilities, Weirdness & Mutations

You have a beak for a mouth.
You have claws for feet.
You have a pair of horns on your head.


Message History

You barely miss the goblin. The bat misses you.
The goblin hits you with a +0 dagger.
A jackal comes into view.
You are too injured to fight recklessly!
You are too injured to fight recklessly!
You are too injured to fight recklessly!
The bat closely misses you.
Casting: Beastly Appendage (safe; 9% risk of failure)
Confirm with . or Enter, or press ? or * to list all spells.
The spell is potentially lethal to cast (41% risk of failure)!
Continue anyway? [Y]es or [N]o only, please.
The spell is potentially lethal to cast (41% risk of failure)!
Continue anyway?
You miscast Spider Form.
You are very lightly contaminated with residual magic.
You feel odd!
You are poisoned.
Ouch! That really hurt!
* * * LOW HITPOINT WARNING * * *
x2 You feel sick.
The goblin hits you with a +0 dagger.
You die...

....#.......# #####...###
....#..#.##.###..........
.....#.................
#..#w##.###..........
...#.......# #####...###
..).....r#### #.......#
....####b# #.#...#.# ...
#g# #.#...#.# # #@#
#.##.##.# #......#
#.##.##.# ....###.#
#.##.##.# ###(##
#........ #. ####.#### #.
######.#### #.
........)).# ##
#######.##.# #.##..


You could see a worm, a goblin, a bat and a rat.

Vanquished Creatures
  An ooze (D:2)
  A leopard gecko (D:2)
  5 bats
  A giant cockroach (D:1)
  5 goblins
  3 hobgoblins (D:2)
  4 jackals (D:2)
  6 kobolds
  A frilled lizard (D:1)
  4 rats
31 creatures vanquished.

Notes
Turn   | Place    | Note
-------+----------+-------------------------------------------
     0 | D:1      | kae the Tengu Transmuter began the quest for the Orb.
     0 | D:1      | Reached XP level 1. HP: 12/12 MP: 4/4
   268 | D:1      | Reached XP level 2. HP: 16/16 MP: 6/6
  1090 | D:2      | Reached XP level 3. HP: 19/20 MP: 5/7
  1122 | D:2      | Learned a level 3 spell: Spider Form
  1622 | D:2      | Slain by a goblin

Illustrated notes

Levels and vault maps discovered:
D:1:      psy_arrival_statuary, layout_rooms, minmay_tetromino_o4
D:2:      layout_loops_cross

Skill      XL: |  1 |
---------------+----+-----
Transmutations | 2 |  2.7
Fighting       | |  1.0
Dodging        | |  2.1
Unarmed Combat | |  3.8
Spellcasting   | |  2.0

Action                   || total
-------------------------++-------
Melee: Unarmed           ||    62
       Kick              ||    12
       Headbutt          ||     2
       Peck              ||     5
 Cast: Beastly Appendage ||    19
  Use: Scroll            ||     5
Armor: Robe              ||    14
Dodge: Dodged            ||    47

Table legend: (Time is in decaauts)
 A = Elapsed time spent in this place.
 B = Non-inter-level travel time spent in this place.
 C = Inter-level travel time spent in this place.
 D = Time resting spent in this place.
 E = Time spent auto-exploring this place.
 F = Levels seen in this place.
 G = Mean time per level.
                   A        B        C        D        E       F      G
               +--------+--------+--------+--------+--------+-----+--------+
         Total |   1615 |   1566 |     49 |    172 |   1168 |   2 |  807.5 |
       Dungeon |   1615 |   1566 |     49 |    172 |   1168 |   2 |  807.5 |
               +--------+--------+--------+--------+--------+-----+--------+

Top non-repeatable levels by time:
     D:2: 810 daAuts
     D:1: 805 daAuts
